 Dungeon Crawl Stone Soup version 0.30-a0-374-g95c0257040 (webtiles) character file.

Game seed: 15688486016770480350

44 sanka the Digger (level 3, 0/14 HPs)
             Began as a Felid Earth Elementalist on Nov 26, 2022.
             Slain by a centaur (5 damage)
             ... on level 5 of the Dungeon.
             The game lasted 00:04:23 (2223 turns).

sanka the Digger (Felid Earth Elementalist)         Turns: 2223, Time: 00:04:23

Health: 0/14       AC:  1    Str:  4    XL:     3   Next: 41%
Magic:  7/7        EV: 17    Int: 18    God:
Gold:   152        SH:  0    Dex: 16    Spells: 0/6 levels left
                                        Lives:  0   Deaths: 0

rFire   . . .      SeeInvis +    (weapon unavailable)
rCold   . . .      Faith    .    (shield unavailable)
rNeg    . . .      Spirit   .    (body armour unavailable)
rPois   .          Reflect  .    (helmet unavailable)
rElec   .          Harm     .    (cloak unavailable)
rCorr   .          Rampage  .    (gloves unavailable)
Will    .....                    (boots unavailable)
Stlth   ++........               (no amulet)
HPRegen 0.22/turn                (no ring)
MPRegen 0.10/turn                (no ring)

@: quick
A: very small, claws 1, fangs 3, see invisible, speed 1, shaggy fur 1, stealthy
paws, no weapons or thrown items, no armour, multi-lived
a: no special abilities


You were on level 5 of the Dungeon.
You visited 1 branch of the dungeon, and saw 4 of its levels.

You collected 152 gold pieces.


Innate Abilities, Weirdness & Mutations

You have sharp claws.
You have razor-sharp teeth.
You have supernaturally acute eyesight. (SInv)
You cover ground quickly. (Speed+)
You are covered in fur. (AC +1)
Your paws help you pounce on unaware monsters.
You are incapable of wielding weapons or throwing items.
You cannot wear armour.
You gain extra lives every three experience levels.


   Skills:
 - Level 2.6 Dodging
 - Level 2.6 Stealth
 - Level 2.0 Spellcasting
 + Level 2.7 Transmutations
 + Level 3.4 Earth Magic


You couldn't memorise any spells.
You knew the following spells:

 Your Spells              Type           Power      Damage    Failure   Level
x - Stone Arrow           Conj/Erth      16%        3d8       26%         3
z - Sandblast             Erth           28%        2d8       4%          1
N - Passwall              Tmut/Erth      10%        N/A       8%          2

Your spell library contained the following spells:

 Spells                   Type           Power      Damage    Failure   Level
 Petrify                  Tmut/Erth      12%        N/A       45%         4
 Call Canine Familiar     Summ           1%         N/A       47%         3
 Leda's Liquefaction      Hex/Erth       4%         N/A       65%         4
 Portal Projectile        Hex/Tloc       Unusable   N/A       N/A         3

Inventory:

Scrolls
 i - 2 scrolls of noise {!r}
 j - a scroll of enchant armour {unknown}
Potions
 a - a potion of magic
 b - a potion of attraction {unknown}
 d - a potion of invisibility {unknown}
 e - a potion of flight {unknown}
 f - a potion of resistance {unknown}
 g - 2 potions of mutation {!q}
 h - a potion of haste {unknown}

Dungeon Overview and Level Annotations

Branches:
Dungeon (3/15)

Altars:
Uskayaw

Annotations:
D:3 Sigmund

. ......▒ .. .....▒
.▒....▒ .....▒ ▒...▒▒
▒...▒ ▒▒▒▒▒▒▒▒▒▒ ▒..▒
▒........▒ ▒▒▒c.▒▒▒..
▒........▒ ▒.h........
▒........▒▒▒▒▒.▒▒▒....▒▒
▒........▒▒....▒ .▒..▒
▒...........▒▒▒▒ ....▒
▒........▒▒▒▒ ▒▒.c▒
▒........▒ .▒
▒........▒▒ ▒.........▒▒
▒..........▒▒ ▒ .


You could see a centaur.


Message History

Found a hide-covered altar of Uskayaw.
A sourceless malevolence fills the Dungeon...
You fall into a shaft and drop 2 floors!
The shaft crumbles and collapses.
Found 9 gold pieces.
Found 5 gold pieces.
You now have 147 gold pieces (gained 9).
You now have 152 gold pieces (gained 5).
Found 4 stones.
An orc comes into view. It is wielding a +0 hand axe.
A centaur comes into view.
The centaur shouts!
The centaur wields a +0 shortbow.
The centaur shoots an arrow.
The arrow barely misses you.
Okay, then.
As you read the scroll labelled FIYM MOICION, it crumbles to dust.
It is a scroll of identify.
i - 2 scrolls of noise
As you read the scroll of identify {@r1}, it crumbles to dust.
g - 2 potions of mutation The centaur shoots an arrow.
The arrow hits you!
Ouch! That really hurt!
* * * LOW HITPOINT WARNING * * *
The centaur shoots an arrow.
The arrow barely misses you.
The centaur unwields a +0 shortbow.
The centaur hits you.
You die...

Action                   || total
-------------------------++-------
Melee: Unarmed           ||    12
       Bite              ||     2
 Cast: Sandblast         ||    45
  Use: Scroll            ||     2
 Stab: Sleeping          ||     1
Armor: Skin              ||     3
Dodge: Dodged            ||    16

Levels and vault maps discovered:
D:1:      dpeg_arrival_renting, layout_basic
D:2:      layout_loops_ring
D:3:      layout_rooms, nicolae_uskayaw_en_pointe, nicolae_ecumenical_oubliette,
          uniq_sigmund
D:5:      layout_rooms, grunt_temple_overflow_open, uniq_pikel

Notes
Turn   | Place    | Note
-------+----------+-------------------------------------------
     0 | D:1      | sanka the Felid Earth Elementalist began the quest for the
                  | Orb.
     0 | D:1      | Reached XP level 1. HP: 7/7 MP: 4/4
   324 | D:1      | Reached skill level 3 in Earth Magic
   324 | D:1      | Reached XP level 2. HP: 11/11 MP: 3/6
   527 | D:1      | Reached skill level 2 in Transmutations
  1019 | D:2      | Learned a level 2 spell: Passwall
  1122 | D:2      | HP: 1/11 [dart slug/slug dart (6)]
  1865 | D:3      | Reached XP level 3. HP: 13/14 MP: 3/7
  1869 | D:3      | Learned a level 3 spell: Stone Arrow
  2127 | D:3      | Noticed a +0 dagger
  2127 | D:3      | Noticed a +0 falchion
  2127 | D:3      | Noticed a +0 falchion
  2128 | D:3      | Noticed a +0 dagger
  2128 | D:3      | Noticed a +0 spear
  2129 | D:3      | Noticed a +0 short sword
  2129 | D:3      | Noticed a +0 short sword
  2131 | D:3      | Noticed a +0 spear
  2145 | D:3      | Noticed Sigmund
  2154 | D:3      | Found a hide-covered altar of Uskayaw.
  2161 | D:5      | Entered Level 5 of the Dungeon
  2215 | D:5      | Noticed a centaur
  2223 | D:5      | Slain by a centaur

Vanquished Creatures
  A dart slug (D:2)
  4 orcs (D:3)
  3 bats
  2 endoplasms (D:1)
  2 giant cockroaches (D:2)
  6 goblins
  A hobgoblin (D:3)
  2 quokkas
  4 ball pythons
  5 frilled lizards (D:1)
  4 kobolds
  A rat (D:3)
35 creatures vanquished.
